 Dungeon Crawl Stone Soup version 0.22-a0-271-gc000056 (webtiles) character file.

84 mhoghedin the Basher (level 4, -2/34 HPs)
             Began as a Gnoll Wanderer on Mar 10, 2018.
             Slain by a gnoll (8 damage)
             ... on level 2 of the Dungeon.
             The game lasted 00:03:55 (1549 turns).

mhoghedin the Basher (Gnoll Wanderer)               Turns: 1549, Time: 00:03:56

Health: -2/34      AC:  2    Str: 15    XL:     4   Next: 46%
Magic:  5/5        EV:  6    Int: 15    God:
Gold:   133        SH:  0    Dex: 14    Spells: 5/5 levels left

rFire    . . .     SeeInvis .   a - +3 mace
rCold    . . .     Gourm    .   (no shield)
rNeg     . . .     Faith    .   e - +0 robe
rPois    .         Spirit   .   (no helmet)
rElec    .         Reflect  .   (no cloak)
rCorr    .         Harm     .   (no gloves)
MR       .....                  (no boots)
Stlth    ++........             (no amulet)
HPRegen  0.11/turn              (no ring)
MPRegen  0.09/turn              (no ring)

@: lethally poisoned (-2 -> -8), held
A: distributed training, fangs 1, strong nose
a: no special abilities


You were on level 2 of the Dungeon.
You were not hungry.

You visited 1 branch of the dungeon, and saw 2 of its levels.

You collected 133 gold pieces.

Inventory:

Hand Weapons
 a - a +3 mace (weapon)
 b - a +0 shortbow
Missiles
 c - 61 arrows
 i - a throwing net {=f, !d}
Armour
 e - a +0 robe (worn)
Scrolls
 d - a scroll of teleportation {unknown}
 h - a scroll of enchant weapon
 j - 2 scrolls of identify
 k - a scroll of immolation {!r}
Potions
 g - a potion of berserk rage {unknown}
Comestibles
 f - 2 rations


   Skills:
 + Level 2.7 Fighting
 + Level 1.1 Short Blades
 + Level 1.1 Long Blades
 + Level 1.1 Axes
 + Level 8.5 Maces & Flails
 + Level 1.1 Polearms
 + Level 1.1 Staves
 + Level 1.1 Slings
 + Level 1.1 Bows
 + Level 1.1 Crossbows
 + Level 2.7 Throwing
 + Level 6.6 Armour
 + Level 1.1 Dodging
 + Level 2.5 Stealth
 + Level 1.1 Shields
 + Level 1.1 Unarmed Combat
 + Level 1.1 Spellcasting
 + Level 0.9 Conjurations
 + Level 0.9 Hexes
 + Level 0.9 Charms
 + Level 0.9 Summonings
 + Level 0.9 Necromancy
 + Level 0.9 Translocations
 + Level 0.9 Transmutations
 + Level 0.9 Fire Magic
 + Level 0.9 Ice Magic
 + Level 0.9 Air Magic
 + Level 0.9 Earth Magic
 + Level 0.9 Poison Magic
 + Level 1.2 Invocations
 + Level 1.1 Evocations


You had 5 spell levels left.
You didn't know any spells.

Dungeon Overview and Level Annotations

Branches:
Dungeon (2/15)

Altars:


Innate Abilities, Weirdness & Mutations

Your experience applies equally to all skills.
You have very sharp teeth.
Your uncanny sense of smell can sniff out nearby items.


Message History

You start resting.
Health restored: 34 Search for what [Enter for "ego", or ? for help]? chain Can't find anything matching that.
You now have 118 gold pieces (gained 12).
j - 2 scrolls of identify (gained 1)
An adder comes into view.
The adder hisses angrily.
An adder is nearby!
An adder is nearby!
You hit the adder. Your punch misses the adder. Your bite misses the adder.
The adder bites you.
You take 2 damage, and have 32/34 hp.
You barely miss the adder. The adder barely misses you.
You hit the adder. The adder bites you.
You are poisoned.
The adder poisons you!
You take 3 damage, and have 29/34 hp.
You hit the adder.
You kill the adder!
You feel sick.
You see here an adder corpse.
You start resting.
You feel sick. x5
You are no longer poisoned.
You take 4 damage, and have 25/34 hp.
You start resting.
Health restored: 34
Found an escape hatch in the floor.
c - 61 arrows (gained 19)
Found a stone staircase leading down and a stone staircase leading up.
A kobold comes into view.
The kobold shouts!
Found a stone staircase leading down.
You hit the kobold.
You kill the kobold!
No target in view!
No target in view!
No target in view!
No target in view!
No target in view!
No target in view!
No target in view!
No target in view!
No target in view!
No target in view!
No target in view!
No target in view!
Unknown command.
You now have 125 gold pieces (gained 7).
l - a potion of curing You now have 133 gold pieces (gained 8).
An adder comes into view.
An adder is nearby!
A gnoll comes into view.
A gnoll comes into view. It is wielding a spear.
The gnoll shouts!
The adder hisses angrily.
The gnoll throws a throwing net.
The throwing net hits you.
You become entangled in the net!
A gnoll comes into view.
The gnoll shouts!
You see here a throwing net {=f, !d}.
Unknown command.
You struggle against the net.
You struggle against the net.
The adder bites you but does no damage.
You tear a large gash into the net.
The adder bites you.
You are poisoned.
The adder poisons you! The adder bites you.
You take 6 damage, and have 28/34 hp.
Unknown command.
You rip the net and break free!
You feel sick. The adder bites you.
You are more poisoned.
The adder poisons you!
You take 5 damage, and have 23/34 hp.
You feel sick.
You take 1 damage, and have 22/34 hp.
You feel sick. The adder closely misses you.
You take 1 damage, and have 21/34 hp.
You feel sick.
The gnoll throws a throwing net.
The throwing net hits you.
You become entangled in the net!
You see here a throwing net {=f, !d}.
You take 1 damage, and have 20/34 hp.
Unknown command.
You tear a large gash into the net.
You feel sick. The adder barely misses you.
You struggle against the net.
You feel sick. The adder bites you.
You are more poisoned.
The adder poisons you!
The gnoll hits you from afar with a spear.
The gnoll hits you!
* * * LOW HITPOINT WARNING * * *
You take 16 damage, and have 4/34 hp.
MASSIVE DAMAGE!!
You feel better. The adder bites you.
The gnoll hits you from afar with a spear.
* * * LOW HITPOINT WARNING * * *
The adder bites you.
* * * LOW HITPOINT WARNING * * *
You are lethally poisoned!
The adder poisons you! The gnoll hits you!
You die...

..#.............##........####
....###....†..##..........#
.................##########
....###.##.......## ....#
#.#.........# ....#
#.#.........# ....#
#.#.......>.########
........#####.............
...####. #...@.######## ...
#..gS.# #.gg..# #.....#
.........# ###......# #.....##
#....## #..##


You could see 3 gnolls and an adder.

Vanquished Creatures
  4 adders
  2 worms (D:2)
  A leopard gecko (D:2)
  5 orcs
  2 giant cockroaches
  5 goblins (D:1)
  A hobgoblin (D:1)
  5 kobolds
  5 bats (D:1)
  5 frilled lizards
  4 rats
39 creatures vanquished.

Notes
Turn   | Place    | Note
-------+----------+-------------------------------------------
     0 | D:1      | mhoghedin the Gnoll Wanderer began the quest for the Orb.
     0 | D:1      | mhoghedin set off with: a +2 mace, a +0 shortbow, 25 arrows, a potion of curing, a +0 robe, a ration
     0 | D:1      | Reached XP level 1. HP: 17/17 MP: 1/1
   119 | D:1      | Reached XP level 2. HP: 23/23 MP: 2/2
   667 | D:2      | Reached XP level 3. HP: 26/28 MP: 3/3
   845 | D:2      | Reached skill level 1 in Invocations
   866 | D:2      | Reached skill level 1 in Short Blades
   866 | D:2      | Reached skill level 1 in Long Blades
   866 | D:2      | Reached skill level 1 in Axes
   866 | D:2      | Reached skill level 1 in Polearms
   866 | D:2      | Reached skill level 1 in Staves
   866 | D:2      | Reached skill level 1 in Slings
   866 | D:2      | Reached skill level 1 in Bows
   866 | D:2      | Reached skill level 1 in Crossbows
   866 | D:2      | Reached skill level 1 in Dodging
   866 | D:2      | Reached skill level 1 in Shields
   866 | D:2      | Reached skill level 1 in Unarmed Combat
   866 | D:2      | Reached skill level 1 in Spellcasting
   866 | D:2      | Reached skill level 1 in Evocations
   866 | D:2      | Reached XP level 4. HP: 16/34 MP: 5/5
  1548 | D:2      | HP: 4/34 [gnoll (7)]
  1549 | D:2      | Slain by a gnoll

Vault maps used:
D:1:      minmay_arrival_solitary_statue
D:2:      nicolae_overflow_crystal_walls, grunt_gozag_statues

Skill      XL: |  1  2  3 |
---------------+----------+-----
Invocations    | 1 |  1.2
Short Blades   | 1 |  1.1
Long Blades    | 1 |  1.1
Axes           | 1 |  1.1
Polearms       | 1 |  1.1
Staves         | 1 |  1.1
Slings         | 1 |  1.1
Bows           | 1 |  1.1
Crossbows      | 1 |  1.1
Dodging        | 1 |  1.1
Shields        | 1 |  1.1
Unarmed Combat | 1 |  1.1
Spellcasting   | 1 |  1.1
Evocations     | 1 |  1.1
Fighting       | |  2.7
Maces & Flails | |  8.5
Throwing       | |  2.7
Armour         | |  6.6
Stealth        | |  2.5
Conjurations   | |  0.9
Hexes          | |  0.9
Charms         | |  0.9
Summonings     | |  0.9
Necromancy     | |  0.9
Translocations | |  0.9
Transmutations | |  0.9
Fire Magic     | |  0.9
Ice Magic      | |  0.9
Air Magic      | |  0.9
Earth Magic    | |  0.9
Poison Magic   | |  0.9

Action                   |  1- 3 |  4- 6 || total
-------------------------+-------+-------++-------
Melee: Mace              |    80 |    32 ||   112
       Bite              |     1 |     4 ||     5
  Use: Potion            |     3 |     1 ||     4
       Scroll            |     3 |       ||     3
 Stab: Sleeping          |     3 |     1 ||     4
  Eat: Ration            |       |     1 ||     1
Armor: Robe              |     6 |     2 ||     8
Dodge: Dodged            |    46 |    19 ||    65

Table legend:
 A = Spawn XP
 B = Non-spawn XP
 C = Spawn XP percentage of total XP
 D = Spawn monster count
 E = Non-spawn monster count
 F = Spawn count percentage of total count
 G = Total turns spent on level
                    A         B        C        D         E        F      G
               +---------+---------+-------+---------+---------+-------+---------
         Total |       0 |     121 |   0.0 |       0 |      39 |   0.0 |  1549
               +---------+---------+-------+---------+---------+-------+---------
           D:1 |       0 |      50 |   0.0 |       0 |      24 |   0.0 |   988
           D:2 |       0 |      71 |   0.0 |       0 |      15 |   0.0 |   561
               +---------+---------+-------+---------+---------+-------+---------

Vault maps used:
D:1:      minmay_arrival_solitary_statue
D:2:      nicolae_overflow_crystal_walls, grunt_gozag_statues

Table legend:
 A = Turns spent in this place as a percentage of turns spent in the entire game.
 B = Non-inter-level travel turns spent in this place as a percentage of non-inter-level travel turns spent in the entire game.
 C = Inter-level travel turns spent in this place as a percentage of turns spent in this place.
 D = Turns resting spent in this place as a percentage of non-inter-level travel turns spent in this place.
 E = Turns spent auto-exploring this place as a percentage of non-inter-level travel turns spent in this place.
 F = Non-inter-level travel turns spent in this place divided by the number of levels of this place that you've seen.
                   A       B       C       D       E      F
               +-------+-------+-------+-------+-------+----------------------
         Total | 100.0 | 100.0 |   2.5 |  40.9 |  39.5 | 755.5
       Dungeon | 100.0 | 100.0 |   2.5 |  40.9 |  39.5 | 755.5
               +-------+-------+-------+-------+-------+----------------------

Table legend:
 A = Kills in this place as a percentage of kills in entire the game.
 B = Kills by you in this place as a percentage of kills by you in the entire game.
 C = Kills by friends in this place as a percentage of kills by friends in the entire game.
 D = Other kills in this place as a percentage of other kills in the entire game.
 E = Experience gained in this place as a percentage of experience gained in the entire game.
 F = Experience gained in this place divided by the number of levels of this place that you have seen.
                   A       B       C       D       E      F
               +-------+-------+-------+-------+-------+----------------------
         Total | 100.0 | 100.0 |   N/A |   N/A | 100.0 |  60.5
       Dungeon | 100.0 | 100.0 |   N/A |   N/A | 100.0 |  60.5
               +-------+-------+-------+-------+-------+----------------------
